 Dungeon Crawl Stone Soup version 0.29.1-2-gbd0b4ee654 (webtiles) character file.

Game seed: 12642267640033651175

8 warriortoast the Conjurer (level 2, 0/15 HPs)
             Began as a Deep Elf Conjurer on Oct 27, 2022.
             Slain by a quokka (4 damage)
             ... on level 1 of the Dungeon.
             The game lasted 00:01:00 (215 turns).

warriortoast the Conjurer (Deep Elf Conjurer)        Turns: 215, Time: 00:01:00

Health: 0/15       AC:  2    Str:  4    XL:     2   Next: 0%
Magic:  1/8        EV: 12    Int: 22    God:
Gold:   16         SH:  0    Dex: 13    Spells: 6/7 levels left

rFire   . . .      SeeInvis .   (no weapon)
rCold   . . .      Faith    .   (no shield)
rNeg    . . .      Spirit   .   a - +0 robe
rPois   .          Reflect  .   (no helmet)
rElec   .          Harm     .   (no cloak)
rCorr   .          Rampage  .   (no gloves)
Will    .....                   (no boots)
Stlth   ++........              (no amulet)
HPRegen 0.05/turn               (no ring)
MPRegen 0.11/turn               (no ring)

@: no status effects
A: no striking features
a: no special abilities


You were on level 1 of the Dungeon.
You visited 1 branch of the dungeon, and saw 1 of its levels.

You collected 16 gold pieces.

Inventory:

Armour
 a - a +0 robe (worn)
Scrolls
 c - a scroll of identify {unknown}
 d - a scroll of silence {unknown}
Potions
 b - 2 potions of magic


   Skills:
 - Level 2.4 Dodging
 - Level 2.4 Stealth
 + Level 3.4 Spellcasting
 + Level 4.6 Conjurations


You had 6 spell levels left.
You knew the following spells:

 Your Spells              Type           Power      Damage    Failure   Level
a - Magic Dart            Conj           96%        1d7       1%          1

Your spell library contained the following spells:

 Spells                   Type           Power      Damage    Failure   Level
 Searing Ray              Conj           48%        2d6       2%          2
 Dazzling Flash           Conj/Hex       28%        N/A       14%         3
 Fulminant Prism          Conj/Hex       7%         3d7       41%         4
 Iskenderun's Mystic Bla  Conj/Tloc      14%        2d5       41%         4


Dungeon Overview and Level Annotations

Branches:
Dungeon (1/15)

Altars:


Message History

A ball python comes into view.
The magic dart hits the hobgoblin.
You kill the hobgoblin!
The magic dart hits the ball python.
You kill the ball python!
You have reached level 2!
A quokka comes into view.
The magic dart hits the quokka.
The quokka is heavily wounded.
A quokka comes into view.
The magic dart hits the quokka but does no damage.
The quokka is heavily wounded.
The magic dart hits the quokka.
The quokka is heavily wounded.
You are out of magic!
You are out of magic!
You are out of magic!
You are out of magic!
The quokka attacks as you move away! The quokka bites you.
The quokka attacks as you move away! The quokka misses you.
The magic dart hits the quokka.
The quokka is almost dead.
The quokka misses you. The quokka bites you.
You hit the quokka but do no damage.
The quokka is almost dead.
The quokka barely misses you. The quokka misses you.
You hit the quokka but do no damage.
The quokka is almost dead.
The quokka bites you. The quokka completely misses you.
You hit the quokka but do no damage.
The quokka is almost dead.
The quokka bites you but does no damage.
The quokka bites you.
* * * LOW HITPOINT WARNING * * *
You barely miss the quokka.
The quokka is almost dead.
The quokka bites you but does no damage.
The quokka misses you. The quokka attacks as you move away!
The quokka bites you.
You die...

#.##.# #....#
###..# #...###
##.#...# #....#.#
########..###.#####
..........#.......#
....####>.#....r@.#
..........#....r..#
..........#.......#
##.###....#.......#
... #.##.........#
... #.####.......#
#.. .)# #.......#
##. #..> #.......#
#. #.## #.......#


You could see 2 quokkas.

Vanquished Creatures
  A ball python (D:1)
  3 endoplasms (D:1)
  A hobgoblin (D:1)
  2 rats (D:1)
7 creatures vanquished.

Notes
Turn   | Place    | Note
-------+----------+-------------------------------------------
     0 | D:1      | warriortoast the Deep Elf Conjurer began the quest for the
                  | Orb.
     0 | D:1      | Reached XP level 1. HP: 10/10 MP: 6/6
   190 | D:1      | Reached XP level 2. HP: 15/15 MP: 2/8
   215 | D:1      | Slain by a quokka

Illustrated notes

Levels and vault maps discovered:
D:1:      lightli_molten_gateway, layout_rooms, serial_shops, shop,
          ebering_ecumenical_altar_mist, st_stairs_3, minmay_tromino_v4_b

Action                   || total
-------------------------++-------
Melee: Unarmed           ||     4
 Cast: Magic Dart        ||    18
Armor: Robe              ||     2
Dodge: Dodged            ||     6
